Flames vs Capitals

Created - 16 novembre 2017 at 05:59

Goals
1 2 3 T
Flames 0 2 1 3
Capitals 0 0 1 1
Shots
1 2 3 T
Flames 6 14 14 34
Capitals 10 15 12 37

1st period

No Goal

Penalties :
Kevan Miller (CAL) for Hooking (Minor) at 3:41, Brendan Smith (WAS) for Hooking (Minor) at 14:41

2nd period

1. Flames , Sam Reinhart 6 (Victor Hedman 5, Jeff Carter 8) at 17:12 (PP)
2. Flames , Patrick Sharp 7 (David Perron 9) at 18:02

Penalties :
Ben Chiarot (WAS) for Holding (Minor) at 17:04

3rd period

3. Capitals , Tobias Rieder 7 (Valtteri Filppula 7) at 3:27
4. Flames , Anders Lee 4 (Sam Reinhart 10, Jeff Carter 9) at 5:48

Penalties :
Claude Giroux (WAS) for Elbowing (Minor) at 8:19

Goalie Stats

Carey Price (CAL), 36 saves from 37 shots - (0,973), W, 8-1-3, 60:00 minutes
Antti Raanta (WAS), 31 saves from 34 shots - (0,912), L, 3-3-0, 60:00 minutes

Players Stats for Flames

Player Name              G  A  P  +/- PIM S  H  SB GA TA FO     MP     PP MP  PK MP  
------------------------------------------------------------------------------------
Anders Lee               1  0  1   0  0   2  2  0  0  0  0/0    20:07   2:31   0:14 
Andrej Sustr             0  0  0   2  0   0  0  0  0  0  0/0    17:56   1:28   1:00 
Brad Richardson          0  0  0   1  0   0  2  1  0  0  6/16   14:55   0:00   1:01 
Brandon Manning          0  0  0   0  0   1  2  0  0  0  0/0    17:12   0:00   0:59 
David Perron             0  1  1   1  0   2  1  1  1  0  0/2    15:43   1:35   0:14 
David Savard             0  0  0  -1  0   0  0  5  0  2  0/0    23:19   1:28   1:00 
Dennis Rasmussen         0  0  0   0  0   0  0  0  0  0  0/0     7:33   0:00   0:44 
Drew Doughty             0  0  0  -1  0   2  1  4  0  0  0/0    26:34   2:38   0:59 
Jeff Carter              0  2  2   0  0   1  0  0  0  0  19/32  19:53   2:31   0:00 
Kevan Miller             0  0  0   0  2   1  2  3  0  1  0/0    15:50   0:00   0:00 
Michael Frolik           0  0  0   0  0   6  0  0  1  0  0/1    16:51   0:00   1:01 
Nick Bjugstad            0  0  0   0  0   1  0  0  0  0  0/0     6:41   0:00   0:00 
Patrick Eaves            0  0  0   0  0   3  3  1  0  1  1/1    17:25   1:35   0:00 
Patrick Sharp            1  0  1   1  0   5  2  2  0  0  0/1    13:54   0:00   0:00 
Sam Reinhart             1  1  2   0  0   3  0  2  1  0  0/1    19:53   2:31   0:00 
Tanner Kero              0  0  0   0  0   1  1  0  0  0  0/1     7:33   0:00   0:44 
Victor Hedman            0  1  1   2  0   2  2  0  1  3  0/0    19:16   2:38   0:00 
Victor Rask              0  0  0   0  0   4  0  0  0  0  5/10   17:25   1:35   0:00 

Players Stats for Capitals

Player Name              G  A  P  +/- PIM S  H  SB GA TA FO     MP     PP MP  PK MP  
------------------------------------------------------------------------------------
Anton Stralman           0  0  0   0  0   2  0  1  0  0  0/0    25:46   1:20   0:50 
Ben Chiarot              0  0  0  -1  2   0  3  1  0  0  0/0    20:21   0:39   1:48 
Brady Skjei              0  0  0   0  0   0  3  1  0  0  0/0    15:51   0:00   2:14 
Brendan Smith            0  0  0   0  2   3  1  1  0  0  0/0    14:49   0:00   1:10 
Brock Nelson             0  0  0   1  0   1  1  0  1  0  0/0    16:34   0:48   0:00 
Claude Giroux            0  0  0  -2  2   5  1  0  1  0  16/33  20:02   1:11   0:12 
Darren Helm              0  0  0   0  0   3  0  1  1  0  4/7    14:24   0:00   2:01 
Drew Miller              0  0  0   0  0   1  0  0  0  0  0/0     8:51   0:00   1:04 
Jake Guentzel            0  0  0   0  0   4  2  0  1  0  0/0    14:17   0:00   1:10 
Joakim Nordstrom         0  0  0   0  0   3  1  0  0  0  1/1    13:15   0:00   0:52 
Josh Bailey              0  0  0  -2  0   5  0  0  1  1  1/3    19:10   1:11   0:00 
Nick Shore               0  0  0   0  0   0  0  0  0  0  2/3     9:04   0:00   2:01 
Oliver Ekman-Larsson     0  0  0   0  0   2  1  0  0  1  0/0    23:43   1:20   0:00 
Ondrej Palat             0  0  0  -2  0   3  1  0  1  1  0/1    19:10   1:11   0:00 
Riley Sheahan            0  0  0   0  0   0  0  0  0  0  1/3     7:55   0:00   0:52 
Tobias Rieder            1  0  1   1  0   1  3  0  1  0  0/0    16:34   0:48   0:00 
Valtteri Filppula        0  1  1   1  0   3  2  0  0  1  9/14   16:34   0:48   0:00 
Zach Bogosian            0  0  0  -1  0   1  0  1  0  0  0/0    19:31   0:39   2:10 

3 Stars

1 - Carey Price (CAL)
2 - Sam Reinhart (CAL)
3 - Patrick Sharp (CAL)

Power Play

Flames - 1 on 3 Attempt(s) - 33,33%
Capitals - 0 on 1 Attempt(s) - 0,00%

Penalty Kill

Flames - 1 on 1 Attempt(s) - 100,00% - Score 0 goal in Penalty Kill
Capitals - 2 on 3 Attempt(s) - 66,67% - Score 0 goal in Penalty Kill

Team Stat

Flames - Hits : 18 - Faceoff Wins : 31 - Blocked Shots : 19 - Penalty Minutes : 2
Capitals - Hits : 19 - Faceoff Wins : 34 - Blocked Shots : 6 - Penalty Minutes : 6

Official

Referees : Tom Chmielewski and Gord Dwyer
Linesman : Shandor Alphonso and Vaughan Rody

Game Notes

No Game Note

Finance

Level 1 -- Attendance: 5276 (87,93%) -- Ticket Income 527 600 $
Level 2 -- Attendance: 3587 (71,74%) -- Ticket Income 251 090 $
Level 3 -- Attendance: 1331 (66,55%) -- Ticket Income 55 902 $
Level 4 -- Attendance: 2932 (73,30%) -- Ticket Income 73 300 $
Luxury Box -- Attendance: 857 (85,70%) -- Ticket Income 167 115 $
Game was played at the Washington Arena.
Total Attendance: 13983 (77,68%)
Total Ticket Income: 1 075 007 $
Other Income: 526 753 $
Total Income: 1 601 760 $

Flames

5 vs 5 Forward 
   Center                   Left Wing                Right Wing               Time % Phy DF OF 
 1 Jeff Carter              Anders Lee               Sam Reinhart             35     0   1  4  
 2 Victor Rask              Michael Frolik           Patrick Eaves            31     0   2  3  
 3 Brad Richardson          David Perron             Patrick Sharp            27     0   2  3  
 4 Tanner Kero              Dennis Rasmussen         Nick Bjugstad            7      1   3  1  

5 vs 5 Defense 
   Defense                  Defense                                           Time % Phy DF OF 
 1 Drew Doughty             David Savard                                      38     0   3  2  
 2 Victor Hedman            Andrej Sustr                                      30     0   3  2  
 3 Kevan Miller             Brandon Manning                                   27     0   4  1  
 4 Drew Doughty             Victor Hedman                                     5      0   2  3  

PowerPlay Forward 
   Center                   Left Wing                Right Wing               Time % Phy DF OF 
 1 Jeff Carter              Anders Lee               Sam Reinhart             60     0   0  5  
 2 Victor Rask              David Perron             Patrick Eaves            40     0   0  5  

PowerPlay Defense
   Defense                  Defense                                           Time % Phy DF OF 
 1 Victor Hedman            Drew Doughty                                      65     0   1  4  
 2 Andrej Sustr             David Savard                                      35     0   1  4  

Penalty Kill 4 Players Forward 
   Center                   Wing                     Time % Phy DF OF 
 1 Brad Richardson          Michael Frolik           60     0   4  1  
 2 Tanner Kero              Dennis Rasmussen         40     0   4  1  

Penalty Kill 4 Players Defense
   Defense                  Defense                  Time % Phy DF OF 
 1 David Savard             Andrej Sustr             60     1   4  0  
 2 Kevan Miller             Drew Doughty             40     1   4  0  

Penalty Kill - 3 Players Forward 
   Forward                                           Time % Phy DF OF 
 1 Brad Richardson                                   60     0   5  0  
 2 Michael Frolik                                    40     0   5  0  

Penalty Kill - 3 Players Defense
   Defense                  Defense                  Time % Phy DF OF 
 1 Andrej Sustr             David Savard             60     0   5  0  
 2 Drew Doughty             Kevan Miller             40     0   5  0  

4 vs 4 Forward 
   Center                   Wing                     Time % Phy DF OF 
 1 Jeff Carter              Anders Lee               60     0   1  4  
 2 Sam Reinhart             Patrick Eaves            40     0   1  4  

4 vs 4 Defense
   Defense                  Defense                  Time % Phy DF OF 
 1 Drew Doughty             Victor Hedman            60     0   3  2  
 2 Andrej Sustr             David Savard             40     0   3  2  

Last Minutes Offensive
   Center                   Left Wing                Right Wing               Defense                  Defense                  
   Jeff Carter              Anders Lee               Sam Reinhart             Drew Doughty             Victor Hedman            

Last Minutes Defensive
   Center                   Left Wing                Right Wing               Defense                  Defense                  
   Brad Richardson          Tanner Kero              Michael Frolik           Andrej Sustr             David Savard             

Goaltenders
Starting : Carey Price              
Backup : Curtis McElhinney        

Extra Forwards
Normal : Jeff Carter, David Perron, Sam Reinhart - PP : Michael Frolik, Brad Richardson - PK : David Perron
Extra Defensemen
Normal : Drew Doughty, Victor Hedman, David Savard - PP : Andrej Sustr - PK : Brandon Manning, Victor Hedman
Penalty Shots
Nick Bjugstad, Sam Reinhart, David Perron, Patrick Sharp, Jeff Carter
Custom OT Lines Forwards
Jeff Carter, Anders Lee, Sam Reinhart, Michael Frolik, Patrick Eaves, David Perron, Victor Rask, Patrick Sharp, Brad Richardson, Nick Bjugstad
Custom OT Lines Defensemen
Drew Doughty, Victor Hedman, David Savard, Andrej Sustr, Kevan Miller

Scratches
Pavel Zacha (Healthy), Matt Bartkowski (Healthy)

Capitals

5 vs 5 Forward 
   Center                   Left Wing                Right Wing               Time % Phy DF OF 
 1 Claude Giroux            Ondrej Palat             Josh Bailey              40     0   2  3  
 2 Valtteri Filppula        Brock Nelson             Tobias Rieder            30     1   2  2  
 3 Darren Helm              Jake Guentzel            Joakim Nordstrom         20     1   2  2  
 4 Riley Sheahan            Nick Shore               Drew Miller              10     1   3  1  

5 vs 5 Defense 
   Defense                  Defense                                           Time % Phy DF OF 
 1 Oliver Ekman-Larsson     Anton Stralman                                    35     1   2  2  
 2 Zach Bogosian            Ben Chiarot                                       30     1   2  2  
 3 Brady Skjei              Brendan Smith                                     25     1   2  2  
 4 Oliver Ekman-Larsson     Anton Stralman                                    10     1   2  2  

PowerPlay Forward 
   Center                   Left Wing                Right Wing               Time % Phy DF OF 
 1 Claude Giroux            Ondrej Palat             Josh Bailey              60     1   2  2  
 2 Valtteri Filppula        Brock Nelson             Tobias Rieder            40     1   2  2  

PowerPlay Defense
   Defense                  Defense                                           Time % Phy DF OF 
 1 Oliver Ekman-Larsson     Anton Stralman                                    60     1   2  2  
 2 Zach Bogosian            Ben Chiarot                                       40     1   2  2  

Penalty Kill 4 Players Forward 
   Center                   Wing                     Time % Phy DF OF 
 1 Nick Shore               Darren Helm              60     1   2  2  
 2 Riley Sheahan            Joakim Nordstrom         40     1   2  2  

Penalty Kill 4 Players Defense
   Defense                  Defense                  Time % Phy DF OF 
 1 Brady Skjei              Brendan Smith            60     1   2  2  
 2 Zach Bogosian            Ben Chiarot              40     1   2  2  

Penalty Kill - 3 Players Forward 
   Forward                                           Time % Phy DF OF 
 1 Nick Shore                                        60     1   2  2  
 2 Darren Helm                                       40     1   2  2  

Penalty Kill - 3 Players Defense
   Defense                  Defense                  Time % Phy DF OF 
 1 Brady Skjei              Brendan Smith            60     1   2  2  
 2 Zach Bogosian            Ben Chiarot              40     1   2  2  

4 vs 4 Forward 
   Center                   Wing                     Time % Phy DF OF 
 1 Claude Giroux            Ondrej Palat             60     1   2  2  
 2 Valtteri Filppula        Josh Bailey              40     1   2  2  

4 vs 4 Defense
   Defense                  Defense                  Time % Phy DF OF 
 1 Oliver Ekman-Larsson     Anton Stralman           60     1   2  2  
 2 Zach Bogosian            Ben Chiarot              40     1   2  2  

Last Minutes Offensive
   Center                   Left Wing                Right Wing               Defense                  Defense                  
   Claude Giroux            Ondrej Palat             Josh Bailey              Oliver Ekman-Larsson     Anton Stralman           

Last Minutes Defensive
   Center                   Left Wing                Right Wing               Defense                  Defense                  
   Claude Giroux            Ondrej Palat             Josh Bailey              Oliver Ekman-Larsson     Anton Stralman           

Goaltenders
Starting : Antti Raanta             
Backup : Jonathan Quick           

Extra Forwards
Normal : Nick Shore, Darren Helm, Jake Guentzel - PP : Nick Shore, Darren Helm - PK : Jake Guentzel
Extra Defensemen
Normal : Brady Skjei, Brendan Smith, Zach Bogosian - PP : Brady Skjei - PK : Brendan Smith, Zach Bogosian
Penalty Shots
Claude Giroux, Ondrej Palat, Valtteri Filppula, Josh Bailey, Brock Nelson
Custom OT Lines Forwards
Claude Giroux, Ondrej Palat, Valtteri Filppula, Josh Bailey, Brock Nelson, Tobias Rieder, Darren Helm, Jake Guentzel, Riley Sheahan, Nick Shore
Custom OT Lines Defensemen
Oliver Ekman-Larsson, Anton Stralman, Zach Bogosian, Ben Chiarot, Brady Skjei

Scratches
Chris Thorburn (Healthy), Simon Despres (Healthy), Brandon Pirri (Healthy)

% Time on Ice - Flames

Lines # - Real PCT - Wanted PCT - Time Play
Normal Forward
1 - 32% - 35% - 17:22
2 - 30% - 31% - 15:58
3 - 26% - 27% - 13:54
4 - 12% - 7% - 6:41
Normal Defense
1 - 39% - 38% - 20:50
2 - 30% - 30% - 15:58
3 - 29% - 27% - 15:43
4 - 3% - 5% - 1:24
PP Forward
1 - 61% - 60% - 2:31
2 - 39% - 40% - 1:35
PP Defense
1 - 64% - 65% - 2:38
2 - 36% - 35% - 1:28
PK Forward
1 - 63% - 60% - 1:15
2 - 37% - 40% - 0:44
PK Defense
1 - 50% - 60% - 1:00
2 - 50% - 40% - 0:59
PK3 Forward
1 - 0% - 60%
2 - 0% - 40%
PK3 Defense
1 - 0% - 60%
2 - 0% - 40%
44 Forward
1 - 0% - 60%
2 - 0% - 40%
44 Defense
1 - 0% - 60%
2 - 0% - 40%
Last Minute Offensive  - 0:00
Last Minute Defensive  - 0:00
Total
Forward - 60:00
Defense - 60:00

% Time on Ice - Capitals

Lines # - Real PCT - Wanted PCT - Time Play
Normal Forward
1 - 35% - 40% - 18:43
2 - 29% - 30% - 15:46
3 - 23% - 20% - 12:23
4 - 13% - 10% - 7:03
Normal Defense
1 - 34% - 35% - 18:21
2 - 31% - 30% - 16:27
3 - 25% - 25% - 13:37
4 - 10% - 10% - 5:30
PP Forward
1 - 60% - 60% - 1:11
2 - 40% - 40% - 0:48
PP Defense
1 - 67% - 60% - 1:20
2 - 33% - 40% - 0:39
PK Forward
1 - 79% - 60% - 3:14
2 - 21% - 40% - 0:52
PK Defense
1 - 66% - 60% - 2:43
2 - 34% - 40% - 1:23
PK3 Forward
1 - 0% - 60%
2 - 0% - 40%
PK3 Defense
1 - 0% - 60%
2 - 0% - 40%
44 Forward
1 - 0% - 60%
2 - 0% - 40%
44 Defense
1 - 0% - 60%
2 - 0% - 40%
Last Minute Offensive  - 0:00
Last Minute Defensive  - 0:00
Total
Forward - 60:00
Defense - 60:00

Play by Play

1st period


0:01 of 1st period - Claude Giroux wins face-off versus Jeff Carter in neutral zone.
0:52 of 1st period - Snap shot by Nick Bjugstad.
0:52 of 1st period - Shot Misses the Net.
0:54 of 1st period - Wrist shot by Tanner Kero.
0:54 of 1st period - Shot Misses the Net.
1:48 of 1st period - Brandon Manning is hit by Brady Skjei and loses puck.
1:57 of 1st period - Icing by Kevan Miller.
1:58 of 1st period - Joakim Nordstrom wins face-off versus Victor Rask in Flames zone.
2:07 of 1st period - Snap shot by Michael Frolik.
2:07 of 1st period - Stopped by Antti Raanta with a rebound.
2:15 of 1st period - Slapshot by Michael Frolik.
2:15 of 1st period - Stopped by Antti Raanta without a rebound.
2:16 of 1st period - Claude Giroux wins face-off versus Brad Richardson in Capitals zone.
2:48 of 1st period - David Savard is hit by Brock Nelson and loses puck.
3:13 of 1st period - Snap shot by Michael Frolik.
3:13 of 1st period - Stopped by Antti Raanta with a rebound.
3:27 of 1st period - Snap shot by Jake Guentzel.
3:27 of 1st period - Shot Misses the Net.
3:29 of 1st period - Snap shot by Anton Stralman.
3:29 of 1st period - Shot Blocked by Kevan Miller.
3:41 of 1st period - Minor Penalty to Kevan Miller for Hooking.
3:42 of 1st period - Brad Richardson wins face-off versus Claude Giroux in Flames zone.
5:00 of 1st period - Icing by Brock Nelson.
5:01 of 1st period - Valtteri Filppula wins face-off versus David Perron in Capitals zone.
5:41 of 1st period - Penalty to Kevan Miller is over, Kevan Miller is back on ice.
6:02 of 1st period - Wrist shot by Jeff Carter.
6:02 of 1st period - Shot Blocked by Brendan Smith.
7:04 of 1st period - Sam Reinhart is hit by Brady Skjei and loses puck.
7:37 of 1st period - Anton Stralman is hit by Kevan Miller and loses puck.
7:46 of 1st period - Michael Frolik is hit by Jake Guentzel and loses puck.
7:59 of 1st period - Claude Giroux is hit by Tanner Kero and loses puck.
8:04 of 1st period - Wrist shot by Nick Bjugstad.
8:04 of 1st period - Deflect By Tanner Kero.
8:04 of 1st period - Shot Misses the Net.
8:04 of 1st period - Puck is out of play.
8:05 of 1st period - Jeff Carter wins face-off versus Claude Giroux in Capitals zone.
8:14 of 1st period - Slapshot by Claude Giroux.
8:14 of 1st period - Stopped by Carey Price without a rebound.
8:15 of 1st period - Jeff Carter wins face-off versus Claude Giroux in Flames zone.
9:05 of 1st period - Wrist shot by Josh Bailey.
9:05 of 1st period - Stopped by Carey Price with a rebound.
9:07 of 1st period - Backhand shot by Ondrej Palat.
9:07 of 1st period - Shot Misses the Net.
9:11 of 1st period - Wrist shot by Claude Giroux.
9:11 of 1st period - Shot Blocked by Drew Doughty.
9:13 of 1st period - Slapshot by Ondrej Palat.
9:13 of 1st period - Shot Blocked by Drew Doughty.
9:15 of 1st period - Snap shot by Ben Chiarot.
9:15 of 1st period - Shot Blocked by Drew Doughty.
9:35 of 1st period - Wrist shot by Claude Giroux.
9:35 of 1st period - Shot Blocked by David Savard.
9:37 of 1st period - Slapshot by Ondrej Palat.
9:37 of 1st period - Shot Blocked by David Savard.
9:39 of 1st period - Wrist shot by Ben Chiarot.
9:39 of 1st period - Shot Misses the Net.
9:41 of 1st period - Snap shot by Zach Bogosian.
9:41 of 1st period - Shot Misses the Net.
9:43 of 1st period - Snap shot by Ben Chiarot.
9:43 of 1st period - Deflect By Claude Giroux.
9:43 of 1st period - Shot Misses the Net.
9:43 of 1st period - Puck is out of play.
9:44 of 1st period - Brad Richardson wins face-off versus Valtteri Filppula in Flames zone.
9:52 of 1st period - Off-side.
9:53 of 1st period - Valtteri Filppula wins face-off versus Brad Richardson in neutral zone.
9:58 of 1st period - Slapshot by Brock Nelson.
9:58 of 1st period - Shot Misses the Net.
10:00 of 1st period - Slapshot by Oliver Ekman-Larsson.
10:00 of 1st period - Stopped by Carey Price with a rebound.
10:02 of 1st period - Slapshot by Anton Stralman.
10:02 of 1st period - Deflect By Brad Richardson.
10:02 of 1st period - Stopped by Carey Price without a rebound.
10:03 of 1st period - Valtteri Filppula wins face-off versus Brad Richardson in Flames zone.
10:41 of 1st period - Wrist shot by Darren Helm.
10:41 of 1st period - Stopped by Carey Price without a rebound.
10:42 of 1st period - Victor Rask wins face-off versus Darren Helm in Flames zone.
11:09 of 1st period - Claude Giroux is hit by Brad Richardson.
12:00 of 1st period - Nick Shore is hit by Kevan Miller and loses puck.
12:20 of 1st period - Icing by Darren Helm.
12:21 of 1st period - Darren Helm wins face-off versus Victor Rask in Capitals zone.
12:36 of 1st period - Snap shot by Darren Helm.
12:36 of 1st period - Shot Misses the Net.
12:52 of 1st period - Slapshot by Drew Doughty.
12:52 of 1st period - Stopped by Antti Raanta with a rebound.
13:04 of 1st period - Backhand shot by Darren Helm.
13:04 of 1st period - Shot Blocked by David Savard.
13:06 of 1st period - Snap shot by Ben Chiarot.
13:06 of 1st period - Shot Blocked by Patrick Eaves.
13:10 of 1st period - Wrist shot by Joakim Nordstrom.
13:10 of 1st period - Stopped by Carey Price without a rebound.
13:11 of 1st period - Claude Giroux wins face-off versus Patrick Sharp in Flames zone.
13:20 of 1st period - Snap shot by Claude Giroux.
13:20 of 1st period - Stopped by Carey Price with a rebound.
13:22 of 1st period - Snap shot by Claude Giroux.
13:22 of 1st period - Shot Misses the Net.
13:24 of 1st period - Backhand shot by Anton Stralman.
13:24 of 1st period - Shot Blocked by Brad Richardson.
13:26 of 1st period - Wrist shot by Josh Bailey.
13:26 of 1st period - Shot Blocked by Patrick Sharp.
13:28 of 1st period - Snap shot by Ondrej Palat.
13:28 of 1st period - Shot Blocked by Patrick Sharp.
14:10 of 1st period - Slapshot by Brock Nelson.
14:10 of 1st period - Stopped by Carey Price with a rebound.
14:12 of 1st period - Backhand shot by Brock Nelson.
14:12 of 1st period - Shot Misses the Net.
14:14 of 1st period - Slapshot by Brendan Smith.
14:14 of 1st period - Stopped by Carey Price without a rebound.
14:15 of 1st period - Claude Giroux wins face-off versus Victor Rask in Flames zone.
14:18 of 1st period - Slapshot by Josh Bailey.
14:18 of 1st period - Stopped by Carey Price without a rebound.
14:19 of 1st period - Victor Rask wins face-off versus Ondrej Palat in Flames zone.
14:19 of 1st period - Victor Rask is hit by Ondrej Palat.
14:41 of 1st period - Minor Penalty to Brendan Smith for Hooking.
14:42 of 1st period - Nick Shore wins face-off versus Jeff Carter in Capitals zone.
15:17 of 1st period - Wrist shot by Patrick Eaves.
15:17 of 1st period - Stopped by Antti Raanta with a rebound.
16:41 of 1st period - Penalty to Brendan Smith is over, Brendan Smith is back on ice.
17:05 of 1st period - Icing by Anton Stralman.
17:06 of 1st period - Valtteri Filppula wins face-off versus Brad Richardson in Capitals zone.
17:29 of 1st period - Claude Giroux is hit by Patrick Eaves.
18:28 of 1st period - David Savard is hit by Brendan Smith and loses puck.
18:45 of 1st period - Wrist shot by Brad Richardson.
18:45 of 1st period - Shot Misses the Net.
19:09 of 1st period - Snap shot by Michael Frolik.
19:09 of 1st period - Stopped by Antti Raanta without a rebound.
19:10 of 1st period - Claude Giroux wins face-off versus Jeff Carter in Capitals zone.
19:35 of 1st period - David Perron is hit by Tobias Rieder.
Goals for this period are 0 for Flames vs 0 for Capitals.
Shots for this period are 6 for Flames vs 10 for Capitals.

2nd period


0:01 of 2nd period - Jeff Carter wins face-off versus Claude Giroux in neutral zone.
0:26 of 2nd period - Drew Doughty is hit by Valtteri Filppula and loses puck.
0:35 of 2nd period - Snap shot by Valtteri Filppula.
0:35 of 2nd period - Stopped by Carey Price without a rebound.
0:36 of 2nd period - Jeff Carter wins face-off versus Claude Giroux in Flames zone.
0:45 of 2nd period - Wrist shot by Claude Giroux.
0:45 of 2nd period - Shot Misses the Net.
0:47 of 2nd period - Snap shot by Ondrej Palat.
0:47 of 2nd period - Shot Misses the Net.
0:49 of 2nd period - Slapshot by Josh Bailey.
0:49 of 2nd period - Stopped by Carey Price with a rebound.
0:51 of 2nd period - Slapshot by Zach Bogosian.
0:51 of 2nd period - Deflect By Josh Bailey.
0:51 of 2nd period - Stopped by Carey Price with a rebound.
2:27 of 2nd period - Snap shot by Jeff Carter.
2:27 of 2nd period - Deflect By Sam Reinhart.
2:27 of 2nd period - Stopped by Antti Raanta without a rebound.
2:28 of 2nd period - Claude Giroux wins face-off versus Brad Richardson in Capitals zone.
2:35 of 2nd period - Snap shot by Claude Giroux.
2:35 of 2nd period - Shot Blocked by David Perron.
2:53 of 2nd period - Victor Rask is hit by Tobias Rieder and loses puck.
3:04 of 2nd period - Brock Nelson is hit by Brandon Manning and loses puck.
3:19 of 2nd period - Victor Hedman is hit by Jake Guentzel and loses puck.
3:42 of 2nd period - Snap shot by Sam Reinhart.
3:42 of 2nd period - Deflect By Jeff Carter.
3:42 of 2nd period - Stopped by Antti Raanta without a rebound.
3:43 of 2nd period - Claude Giroux wins face-off versus Jeff Carter in Capitals zone.
3:56 of 2nd period - Claude Giroux is hit by Drew Doughty and loses puck.
5:06 of 2nd period - Snap shot by Victor Rask.
5:06 of 2nd period - Stopped by Antti Raanta with a rebound.
5:08 of 2nd period - Slapshot by Patrick Eaves.
5:08 of 2nd period - Stopped by Antti Raanta with a rebound.
5:10 of 2nd period - Wrist shot by Patrick Eaves.
5:10 of 2nd period - Shot Misses the Net.
5:14 of 2nd period - Snap shot by Victor Rask.
5:14 of 2nd period - Stopped by Antti Raanta with a rebound.
5:30 of 2nd period - Icing by Claude Giroux.
5:31 of 2nd period - Jeff Carter wins face-off versus Claude Giroux in Capitals zone.
5:40 of 2nd period - Snap shot by Josh Bailey.
5:40 of 2nd period - Shot Blocked by David Savard.
5:42 of 2nd period - Snap shot by Ondrej Palat.
5:42 of 2nd period - Stopped by Carey Price without a rebound.
5:43 of 2nd period - Claude Giroux wins face-off versus Sam Reinhart in Flames zone.
6:12 of 2nd period - Snap shot by Riley Sheahan.
6:12 of 2nd period - Shot Misses the Net.
6:14 of 2nd period - Wrist shot by Brendan Smith.
6:14 of 2nd period - Shot Blocked by Sam Reinhart.
6:16 of 2nd period - Slapshot by Brendan Smith.
6:16 of 2nd period - Deflect By Drew Miller.
6:16 of 2nd period - Shot Hit the Post.
6:16 of 2nd period - Puck is out of play.
6:17 of 2nd period - Victor Rask wins face-off versus Riley Sheahan in Flames zone.
6:32 of 2nd period - Snap shot by Victor Rask.
6:32 of 2nd period - Deflect By Michael Frolik.
6:32 of 2nd period - Shot Misses the Net.
6:32 of 2nd period - Puck is out of play.
6:33 of 2nd period - Claude Giroux wins face-off versus Brad Richardson in Capitals zone.
7:11 of 2nd period - Snap shot by Patrick Eaves.
7:11 of 2nd period - Stopped by Antti Raanta without a rebound.
7:12 of 2nd period - Jeff Carter wins face-off versus Claude Giroux in Capitals zone.
7:23 of 2nd period - Snap shot by Anders Lee.
7:23 of 2nd period - Stopped by Antti Raanta without a rebound.
7:24 of 2nd period - Claude Giroux wins face-off versus Brad Richardson in Capitals zone.
7:24 of 2nd period - Claude Giroux is hit by Victor Hedman.
7:50 of 2nd period - Brock Nelson is hit by Patrick Eaves.
8:45 of 2nd period - Snap shot by Jake Guentzel.
8:45 of 2nd period - Shot Blocked by David Savard.
8:49 of 2nd period - Wrist shot by Jake Guentzel.
8:49 of 2nd period - Deflect By Darren Helm.
8:49 of 2nd period - Stopped by Carey Price with a rebound.
8:51 of 2nd period - Snap shot by Jake Guentzel.
8:51 of 2nd period - Stopped by Carey Price without a rebound.
8:52 of 2nd period - Jeff Carter wins face-off versus Josh Bailey in Flames zone.
9:08 of 2nd period - Icing by Victor Hedman.
9:09 of 2nd period - Valtteri Filppula wins face-off versus Jeff Carter in Flames zone.
9:56 of 2nd period - Snap shot by David Perron.
9:56 of 2nd period - Shot Misses the Net.
9:58 of 2nd period - Snap shot by David Perron.
9:58 of 2nd period - Shot Misses the Net.
10:21 of 2nd period - Slapshot by Zach Bogosian.
10:21 of 2nd period - Stopped by Carey Price with a rebound.
10:23 of 2nd period - Slapshot by Zach Bogosian.
10:23 of 2nd period - Shot Hit the Post.
11:59 of 2nd period - Brock Nelson is hit by Patrick Eaves and loses puck.
12:28 of 2nd period - Snap shot by Claude Giroux.
12:28 of 2nd period - Stopped by Carey Price with a rebound.
12:30 of 2nd period - Snap shot by Brendan Smith.
12:30 of 2nd period - Stopped by Carey Price with a rebound.
12:44 of 2nd period - Slapshot by Oliver Ekman-Larsson.
12:44 of 2nd period - Stopped by Carey Price with a rebound.
12:46 of 2nd period - Slapshot by Oliver Ekman-Larsson.
12:46 of 2nd period - Shot Misses the Net.
12:48 of 2nd period - Snap shot by Joakim Nordstrom.
12:48 of 2nd period - Stopped by Carey Price with a rebound.
12:50 of 2nd period - Slapshot by Darren Helm.
12:50 of 2nd period - Stopped by Carey Price with a rebound.
12:52 of 2nd period - Snap shot by Joakim Nordstrom.
12:52 of 2nd period - Shot Misses the Net.
12:54 of 2nd period - Wrist shot by Jake Guentzel.
12:54 of 2nd period - Shot Misses the Net.
13:10 of 2nd period - Snap shot by Victor Rask.
13:10 of 2nd period - Stopped by Antti Raanta without a rebound.
13:11 of 2nd period - Josh Bailey wins face-off versus Victor Rask in Capitals zone.
13:38 of 2nd period - Zach Bogosian is hit by Anders Lee.
13:46 of 2nd period - Wrist shot by Valtteri Filppula.
13:46 of 2nd period - Stopped by Carey Price with a rebound.
14:00 of 2nd period - Brandon Manning is hit by Joakim Nordstrom and loses puck.
14:09 of 2nd period - Oliver Ekman-Larsson is hit by Brandon Manning and loses puck.
14:24 of 2nd period - Snap shot by Nick Bjugstad.
14:24 of 2nd period - Stopped by Antti Raanta without a rebound.
14:25 of 2nd period - Victor Rask wins face-off versus Riley Sheahan in Capitals zone.
14:28 of 2nd period - Snap shot by Michael Frolik.
14:28 of 2nd period - Stopped by Antti Raanta with a rebound.
14:48 of 2nd period - Snap shot by Zach Bogosian.
14:48 of 2nd period - Shot Blocked by Sam Reinhart.
14:50 of 2nd period - Snap shot by Drew Miller.
14:50 of 2nd period - Stopped by Carey Price without a rebound.
14:51 of 2nd period - Jeff Carter wins face-off versus Claude Giroux in Flames zone.
15:08 of 2nd period - Wrist shot by Josh Bailey.
15:08 of 2nd period - Shot Misses the Net.
17:04 of 2nd period - Minor Penalty to Ben Chiarot for Holding.
17:05 of 2nd period - Jeff Carter wins face-off versus Nick Shore in Capitals zone.
17:10 of 2nd period - Slapshot by Victor Hedman.
17:10 of 2nd period - Shot Blocked by Brady Skjei.
17:12 of 2nd period - Wrist shot by Sam Reinhart.
17:12 of 2nd period - Goal by Sam Reinhart - Flames : 1 - Capitals : 0.
17:13 of 2nd period - Jeff Carter wins face-off versus Claude Giroux in neutral zone.
17:16 of 2nd period - Slapshot by Drew Doughty.
17:16 of 2nd period - Shot Blocked by Anton Stralman.
17:26 of 2nd period - Wrist shot by Claude Giroux.
17:26 of 2nd period - Shot Misses the Net.
17:28 of 2nd period - Snap shot by Claude Giroux.
17:28 of 2nd period - Shot Misses the Net.
17:30 of 2nd period - Wrist shot by Ondrej Palat.
17:30 of 2nd period - Stopped by Carey Price without a rebound.
17:31 of 2nd period - Victor Rask wins face-off versus Valtteri Filppula in Flames zone.
17:45 of 2nd period - Snap shot by Valtteri Filppula.
17:45 of 2nd period - Deflect By Brock Nelson.
17:45 of 2nd period - Shot Misses the Net.
17:45 of 2nd period - Puck is out of play.
17:46 of 2nd period - Brad Richardson wins face-off versus Claude Giroux in Flames zone.
17:53 of 2nd period - Anton Stralman is hit by Patrick Sharp and loses puck.
18:00 of 2nd period - Slapshot by Patrick Sharp.
18:00 of 2nd period - Stopped by Antti Raanta with a rebound.
18:02 of 2nd period - Snap shot by Patrick Sharp.
18:02 of 2nd period - Goal by Patrick Sharp - Flames : 2 - Capitals : 0.
18:03 of 2nd period - Claude Giroux wins face-off versus Jeff Carter in neutral zone.
18:29 of 2nd period - Michael Frolik is hit by Ben Chiarot and loses puck.
19:16 of 2nd period - Snap shot by Patrick Eaves.
19:16 of 2nd period - Shot Misses the Net.
19:22 of 2nd period - Snap shot by Michael Frolik.
19:22 of 2nd period - Shot Misses the Net.
19:24 of 2nd period - Backhand shot by Victor Rask.
19:24 of 2nd period - Deflect By Michael Frolik.
19:24 of 2nd period - Shot Misses the Net.
19:24 of 2nd period - Puck is out of play.
19:25 of 2nd period - Claude Giroux wins face-off versus Brad Richardson in Capitals zone.
19:41 of 2nd period - Wrist shot by Patrick Sharp.
19:41 of 2nd period - Stopped by Antti Raanta with a rebound.
19:50 of 2nd period - Icing by Zach Bogosian.
19:51 of 2nd period - Jeff Carter wins face-off versus Valtteri Filppula in Capitals zone.
Goals for this period are 2 for Flames vs 0 for Capitals.
Shots for this period are 14 for Flames vs 15 for Capitals.

3rd period


0:01 of 3rd period - Jeff Carter wins face-off versus Claude Giroux in neutral zone.
0:56 of 3rd period - Wrist shot by Michael Frolik.
0:56 of 3rd period - Stopped by Antti Raanta with a rebound.
0:58 of 3rd period - Slapshot by David Savard.
0:58 of 3rd period - Shot Blocked by Zach Bogosian.
1:29 of 3rd period - Off-side.
1:30 of 3rd period - Valtteri Filppula wins face-off versus Jeff Carter in neutral zone.
1:33 of 3rd period - Anders Lee is hit by Tobias Rieder and loses puck.
2:50 of 3rd period - Wrist shot by Nick Bjugstad.
2:50 of 3rd period - Deflect By Tanner Kero.
2:50 of 3rd period - Stopped by Antti Raanta without a rebound.
2:51 of 3rd period - Jeff Carter wins face-off versus Claude Giroux in Capitals zone.
3:09 of 3rd period - Off-side.
3:10 of 3rd period - Valtteri Filppula wins face-off versus Brad Richardson in neutral zone.
3:19 of 3rd period - Slapshot by Drew Doughty.
3:19 of 3rd period - Stopped by Antti Raanta without a rebound.
3:20 of 3rd period - Valtteri Filppula wins face-off versus Jeff Carter in Capitals zone.
3:27 of 3rd period - Snap shot by Tobias Rieder.
3:27 of 3rd period - Goal by Tobias Rieder - Flames : 2 - Capitals : 1.
3:28 of 3rd period - Jeff Carter wins face-off versus Josh Bailey in neutral zone.
3:53 of 3rd period - Anton Stralman is hit by Patrick Sharp.
4:03 of 3rd period - Wrist shot by Patrick Sharp.
4:03 of 3rd period - Stopped by Antti Raanta with a rebound.
4:18 of 3rd period - Snap shot by Jake Guentzel.
4:18 of 3rd period - Stopped by Carey Price without a rebound.
4:19 of 3rd period - Darren Helm wins face-off versus Victor Rask in Flames zone.
4:34 of 3rd period - Snap shot by Victor Hedman.
4:34 of 3rd period - Stopped by Antti Raanta without a rebound.
4:35 of 3rd period - Jeff Carter wins face-off versus Claude Giroux in Capitals zone.
5:01 of 3rd period - Valtteri Filppula is hit by Brad Richardson and loses puck.
5:32 of 3rd period - Snap shot by Victor Rask.
5:32 of 3rd period - Stopped by Antti Raanta without a rebound.
5:33 of 3rd period - Claude Giroux wins face-off versus Jeff Carter in Capitals zone.
5:48 of 3rd period - Snap shot by Sam Reinhart.
5:48 of 3rd period - Deflect By Anders Lee.
5:48 of 3rd period - Goal by Anders Lee - Flames : 3 - Capitals : 1.
5:49 of 3rd period - Jeff Carter wins face-off versus Claude Giroux in neutral zone.
6:04 of 3rd period - Snap shot by Claude Giroux.
6:04 of 3rd period - Stopped by Carey Price with a rebound.
6:06 of 3rd period - Snap shot by Claude Giroux.
6:06 of 3rd period - Shot Misses the Net.
6:23 of 3rd period - Snap shot by Valtteri Filppula.
6:23 of 3rd period - Shot Blocked by Kevan Miller.
6:25 of 3rd period - Snap shot by Oliver Ekman-Larsson.
6:25 of 3rd period - Shot Misses the Net.
6:35 of 3rd period - Wrist shot by Jake Guentzel.
6:35 of 3rd period - Stopped by Carey Price with a rebound.
6:37 of 3rd period - Slapshot by Joakim Nordstrom.
6:37 of 3rd period - Stopped by Carey Price without a rebound.
6:38 of 3rd period - Darren Helm wins face-off versus Brad Richardson in Flames zone.
6:55 of 3rd period - Snap shot by Jake Guentzel.
6:55 of 3rd period - Shot Misses the Net.
6:57 of 3rd period - Slapshot by Brendan Smith.
6:57 of 3rd period - Deflect By Jake Guentzel.
6:57 of 3rd period - Shot Misses the Net.
6:57 of 3rd period - Puck is out of play.
6:58 of 3rd period - Jeff Carter wins face-off versus Claude Giroux in Flames zone.
7:48 of 3rd period - Snap shot by David Perron.
7:48 of 3rd period - Shot Blocked by Ben Chiarot.
7:50 of 3rd period - Snap shot by Patrick Sharp.
7:50 of 3rd period - Stopped by Antti Raanta without a rebound.
7:51 of 3rd period - Brad Richardson wins face-off versus Darren Helm in Capitals zone.
7:52 of 3rd period - Wrist shot by Patrick Sharp.
7:52 of 3rd period - Shot Blocked by Darren Helm.
8:19 of 3rd period - Minor Penalty to Claude Giroux for Elbowing.
8:20 of 3rd period - Nick Shore wins face-off versus Jeff Carter in Capitals zone.
8:25 of 3rd period - Anders Lee is hit by Brady Skjei and loses puck.
10:06 of 3rd period - Drew Doughty is hit by Ben Chiarot and loses puck.
10:19 of 3rd period - Penalty to Claude Giroux is over, Claude Giroux is back on ice.
10:59 of 3rd period - Snap shot by Claude Giroux.
10:59 of 3rd period - Deflect By Drew Miller.
10:59 of 3rd period - Shot Blocked by Kevan Miller.
10:59 of 3rd period - Puck is out of play.
11:00 of 3rd period - Patrick Eaves wins face-off versus Valtteri Filppula in Flames zone.
11:07 of 3rd period - Wrist shot by Brock Nelson.
11:07 of 3rd period - Deflect By Victor Rask.
11:07 of 3rd period - Shot Hit the Post.
11:07 of 3rd period - Puck is out of play.
11:08 of 3rd period - Valtteri Filppula wins face-off versus Michael Frolik in Flames zone.
11:09 of 3rd period - Wrist shot by Brock Nelson.
11:09 of 3rd period - Shot Misses the Net.
11:11 of 3rd period - Slapshot by Brock Nelson.
11:11 of 3rd period - Shot Misses the Net.
11:23 of 3rd period - Snap shot by Valtteri Filppula.
11:23 of 3rd period - Stopped by Carey Price without a rebound.
11:24 of 3rd period - Jeff Carter wins face-off versus Claude Giroux in Flames zone.
11:29 of 3rd period - Sam Reinhart is hit by Claude Giroux and loses puck.
12:11 of 3rd period - Wrist shot by David Perron.
12:11 of 3rd period - Stopped by Antti Raanta with a rebound.
12:30 of 3rd period - Snap shot by Anton Stralman.
12:30 of 3rd period - Shot Blocked by Drew Doughty.
13:39 of 3rd period - Jake Guentzel is hit by David Perron and loses puck.
13:56 of 3rd period - Icing by Brendan Smith.
13:57 of 3rd period - Riley Sheahan wins face-off versus Tanner Kero in Capitals zone.
14:08 of 3rd period - Riley Sheahan is hit by Victor Hedman and loses puck.
14:17 of 3rd period - Slapshot by Victor Hedman.
14:17 of 3rd period - Deflect By Nick Shore.
14:17 of 3rd period - Stopped by Antti Raanta without a rebound.
14:18 of 3rd period - Claude Giroux wins face-off versus Jeff Carter in Capitals zone.
14:28 of 3rd period - Wrist shot by Sam Reinhart.
14:28 of 3rd period - Stopped by Antti Raanta with a rebound.
15:14 of 3rd period - Wrist shot by David Perron.
15:14 of 3rd period - Stopped by Antti Raanta with a rebound.
15:16 of 3rd period - Slapshot by Brandon Manning.
15:16 of 3rd period - Shot Misses the Net.
15:18 of 3rd period - Slapshot by Brandon Manning.
15:18 of 3rd period - Deflect By Joakim Nordstrom.
15:18 of 3rd period - Stopped by Antti Raanta without a rebound.
15:19 of 3rd period - Claude Giroux wins face-off versus Jeff Carter in Capitals zone.
15:28 of 3rd period - Snap shot by Claude Giroux.
15:28 of 3rd period - Stopped by Carey Price without a rebound.
15:29 of 3rd period - Claude Giroux wins face-off versus Jeff Carter in Flames zone.
15:30 of 3rd period - Snap shot by Josh Bailey.
15:30 of 3rd period - Shot Misses the Net.
15:32 of 3rd period - Snap shot by Brendan Smith.
15:32 of 3rd period - Stopped by Carey Price without a rebound.
15:33 of 3rd period - Brad Richardson wins face-off versus Claude Giroux in Flames zone.
15:58 of 3rd period - Jeff Carter is hit by Oliver Ekman-Larsson and loses puck.
16:53 of 3rd period - Slapshot by Ondrej Palat.
16:53 of 3rd period - Stopped by Carey Price with a rebound.
17:15 of 3rd period - Wrist shot by Jake Guentzel.
17:15 of 3rd period - Deflect By Joakim Nordstrom.
17:15 of 3rd period - Shot Misses the Net.
17:15 of 3rd period - Puck is out of play.
17:16 of 3rd period - Jeff Carter wins face-off versus Darren Helm in Flames zone.
17:27 of 3rd period - Slapshot by Darren Helm.
17:27 of 3rd period - Shot Misses the Net.
17:43 of 3rd period - David Perron is hit by Ben Chiarot and loses puck.
18:11 of 3rd period - Slapshot by Drew Doughty.
18:11 of 3rd period - Shot Misses the Net.
18:37 of 3rd period - Drew Miller is hit by Anders Lee and loses puck.
19:11 of 3rd period - Snap shot by Josh Bailey.
19:11 of 3rd period - Stopped by Carey Price without a rebound.
19:12 of 3rd period - Darren Helm wins face-off versus David Perron in Flames zone.
19:15 of 3rd period - Slapshot by Jake Guentzel.
19:15 of 3rd period - Stopped by Carey Price with a rebound.
19:25 of 3rd period - Snap shot by Patrick Sharp.
19:25 of 3rd period - Shot Misses the Net.
19:27 of 3rd period - Slapshot by Kevan Miller.
19:27 of 3rd period - Deflect By Darren Helm.
19:27 of 3rd period - Stopped by Antti Raanta with a rebound.
19:37 of 3rd period - Patrick Eaves is hit by Valtteri Filppula and loses puck.
19:44 of 3rd period - Wrist shot by Brock Nelson.
19:44 of 3rd period - Shot Misses the Net.
19:46 of 3rd period - Slapshot by Anton Stralman.
19:46 of 3rd period - Shot Misses the Net.
19:48 of 3rd period - Snap shot by Anton Stralman.
19:48 of 3rd period - Stopped by Carey Price without a rebound.
19:49 of 3rd period - Brad Richardson wins face-off versus Valtteri Filppula in Flames zone.
Goals for this period are 1 for Flames vs 1 for Capitals.
Shots for this period are 14 for Flames vs 12 for Capitals.